 Dungeon Sprint DCSS version 0.14-a0-1585-g835621a (webtiles) character file.

2200000 Jenx the Invulnerable (level 15, -20/174 HPs)
             Began as a Minotaur Fighter on Dec 22, 2013.
             Was an Initiate of Makhleb.
             Demolished by a meat berserker
             ... wielding a +9,+9 battleaxe
              (39 damage)
             ... in the Dungeon (Sprint VIII: "Arena of Blood").
             The game lasted 00:01:06 (22 turns).

Jenx the Invulnerable (Minotaur Fighter)              Turns: 22, Time: 00:01:07

HP -20/174       AC 13     Str 25      XL: 15   Next: 63%
MP   6/30        EV 11     Int  5      God: Makhleb [......]
Gold 0           SH  0     Dex 12      Spells:  0 memorised, 22 levels left

rFire  . . .     SeeInvis .     c - +∞ Axe of Woe
rCold  . . .     Clarity  .     b - +0 scale mail
rNeg   . . .     Conserve .     (no shield)
rPois  .         rCorr    .     (helmet restricted)
rElec  .         rRot     .     (no cloak)
SustAb . .       Spirit   .     (no gloves)
rMut   .         Warding  .     (no boots)
Saprov . . .     NoTele   +     (no amulet)
                                (no ring)
                                (no ring)

@: exhausted, slowed, very slow, somewhat resistant to hostile enchantments,
very unstealthy
A: retaliatory headbutt, horns 2
a: Renounce Religion


You were in the Dungeon.
You worshipped Makhleb.
Makhleb was noncommittal.
You were not hungry.

You visited 1 branch

Inventory:

Hand weapons
 a - a +0,+0 hand axe
 c - the +∞,+∞ Axe of Woe (weapon)
   (You found it in the Dungeon)
Armour
 b - a +0 scale mail (worn)
Comestibles
 d - a bread ration
Scrolls
 j - a scroll of blinking
Potions
 g - a potion of speed
 h - 2 potions of magic


   Skills:
 O Level 27 Fighting
 O Level 27 Axes
 + Level 5.9 Throwing
 O Level 27 Armour
 + Level 6.4 Dodging
 + Level 5.3 Stealth
   Level 3.6 Shields
 + Level 6.4 Unarmed Combat
 + Level 4.0 Spellcasting


You had 22 spell levels left.
You didn't know any spells.

Dungeon Overview and Level Annotations

Branches:
Dungeon (1/1)

Altars:
Makhleb


Innate Abilities, Weirdness & Mutations

You reflexively headbutt those who attack you in melee.
You have a pair of horns on your head.


Message History

You are exhausted.
You feel yourself slow down.
You hear a shout!
Drink which item? (? for menu, Esc to quit)
You feel better.
You hear a shout!
The meat berserker hits you but does no damage.
You hear a shout!
An orc, an ogre and a hill giant come into view.
You cleave the bag of meat in twain.
You kill the bag of meat!
Makhleb accepts your kill.
Your Throwing skill gained 5 levels and is now at level 5!
Your Dodging skill gained 6 levels and is now at level 6!
Your Stealth skill gained 5 levels and is now at level 5!
Your Unarmed Combat skill gained 6 levels and is now at level 6!
Your Spellcasting skill gained 4 levels and is now at level 4!
You hear a shout!
The meat berserker hits you with a +9,+9 battleaxe!
You die...

... ....O. .......
......... #.......#
. #.......# ...
.###.. ....###....
......###..........
......_..@........
..#....O#)......#
#_)<)o#.......
#..)..#......#
......._)o........
....oC###oo......
.###.o ...###.. #o.
.o.# .. #. ...#


You could see a large bag of meat (inner flame), 2 meat berserkers and 6 bags of
meat.

Vanquished Creatures
  2 ogres (D)
  7 orcs (D)
9 creatures vanquished.

Notes
Turn   | Place    | Note
--------------------------------------------------------------
     0 | D        | Jenx, the Minotaur Fighter, began the quest for the Orb.
     0 | D        | Reached XP level 1. HP: 19/19 MP: 1/1
     3 | D        | Noticed a bag of meat
     3 | D        | Noticed a bag of meat
     4 | D        | Noticed a bag of meat
     4 | D        | Noticed a bag of meat
     5 | D        | Noticed a bag of meat
     8 | D        | Noticed a meat berserker
    10 | D        | Killed a bag of meat
    10 | D        | Reached skill level 20 in Fighting
    10 | D        | Reached XP level 2. HP: 22/57 MP: 1/1
    10 | D        | Reached XP level 3. HP: 24/64 MP: 2/2
    10 | D        | Reached XP level 4. HP: 27/72 MP: 2/2
    10 | D        | Reached XP level 5. HP: 30/80 MP: 2/2
    10 | D        | Reached XP level 6. HP: 33/88 MP: 3/3
    10 | D        | Reached XP level 7. HP: 35/95 MP: 3/3
    10 | D        | Reached XP level 8. HP: 37/103 MP: 3/3
    10 | D        | Reached XP level 9. HP: 39/111 MP: 4/4
    10 | D        | Reached XP level 10. HP: 41/118 MP: 4/4
    10 | D        | Reached XP level 11. HP: 43/126 MP: 4/4
    10 | D        | Killed a meat berserker
    10 | D        | Reached skill level 23 in Fighting
    10 | D        | Reached XP level 12. HP: 45/141 MP: 5/5
    11 | D        | Noticed a meat berserker
    12 | D        | Noticed a bag of meat
    13 | D        | Noticed a bag of meat
    13 | D        | Noticed a bag of meat
    13 | D        | Killed a bag of meat
    13 | D        | Reached skill level 25 in Fighting
    13 | D        | Reached XP level 13. HP: 15/154 MP: 5/5
    13 | D        | Killed a bag of meat
    13 | D        | Reached skill level 26 in Fighting
    13 | D        | Reached skill level 15 in Axes
    13 | D        | Killed a bag of meat
    13 | D        | Reached skill level 27 in Fighting
    13 | D        | Reached skill level 27 in Armour
    13 | D        | Reached XP level 14. HP: 15/168 MP: 5/5
    13 | D        | Killed a bag of meat
    14 | D        | Noticed a bag of meat
    14 | D        | Noticed a bag of meat
    14 | D        | HP: 10/252 [meat berserker/+9,+9 battleaxe (13)]
    15 | D        | Killed a meat berserker
    15 | D        | Reached XP level 15. HP: 10/174 MP: 6/6
    16 | D        | Noticed a bag of meat
    17 | D        | Noticed a meat berserker
    17 | D        | Killed a bag of meat
    17 | D        | Reached skill level 27 in Axes
    18 | D        | Became a worshipper of Makhleb the Destroyer
    20 | D        | Noticed a bag of meat
    22 | D        | Noticed a bag of meat
    22 | D        | Noticed a large bag of meat
    22 | D        | Noticed a meat berserker
    22 | D        | Killed a bag of meat
    22 | D        | Reached skill level 5 in Throwing
    22 | D        | Reached skill level 5 in Stealth
    22 | D        | Demolished by a meat berserker

Action                   |  1- 3 |  4- 6 |  7- 9 | 10-12 | 13-15 || total
-------------------------+-------+-------+-------+-------+-------++-------
Melee: Executioner's axe |     1 |       |       |     1 |     3 ||     5
  Use: Potion            |       |       |       |     1 |     2 ||     3
